 Dungeon Crawl Stone Soup version 0.20.1-1-g8b1a95d (webtiles) character file.

323 polve the Slasher (level 6, -5/40 HPs)
             Began as a Tengu Berserker on Aug 17, 2017.
             Was a Believer of Trog.
             Slain by a wight
             ... wielding a cursed +3 great sword of freezing
              (10 damage)
             ... on level 3 of the Dungeon on Aug 28, 2017.
             The game lasted 00:04:13 (2464 turns).

polve the Slasher (Tengu Berserker)                 Turns: 2464, Time: 00:04:14

Health: -5/40      AC:  9    Str: 18    XL:     6   Next: 47%
Magic:  4/7        EV:  9    Int:  7    God:    Trog [**....]
Gold:   99         SH:  0    Dex: 15    Spells: 5/5 levels left

rFire    . . .     SeeInvis .   a - +0 falchion
rCold    . . .     Gourm    .   (no shield)
rNeg     + . .     Faith    .   s - +0 chain mail
rPois    +         Spirit   .   (helmet restricted)
rElec    .         Reflect  .   d - +0 cloak
rCorr    .         Harm     .   (no gloves)
MR       .....                  (boots unavailable)
Stlth    ..........             (no amulet)
Regen    0.2/turn               h - ring of poison resistance
MPRegen  0.1/turn               f - ring of positive energy

@: berserk cooldown, flying quickly and evasively, slowed, drained, very slow
A: beak, talons 3, able to fly 1
a: Berserk, Trog's Hand, Burn Spellbooks, Renounce Religion


You were on level 3 of the Dungeon.
You worshipped Trog.
Trog was pleased with you.
You were very hungry.

You visited 1 branch of the dungeon, and saw 4 of its levels.

You collected 99 gold pieces.

Inventory:

Hand Weapons
 a - a +0 falchion (weapon)
Missiles
 t - 39 arrows
Armour
 d - a +0 cloak (worn)
 s - a +0 chain mail (worn)
Jewellery
 f - a ring of positive energy (right hand)
 h - a ring of poison resistance (left hand)
Scrolls
 b - a scroll of fog {unknown}
 e - 2 scrolls of identify {unknown}
 n - a scroll of teleportation {unknown}
 o - 2 scrolls of remove curse {unknown}
 q - a scroll of magic mapping {unknown}
 r - 3 scrolls of immolation {unknown}
 u - a scroll of enchant armour {unknown}
Potions
 g - a potion of mutation {unknown}
 i - a potion of curing
 l - a potion of agility {unknown}
 m - a potion of flight {unknown}
Comestibles
 c - 4 bread rations
 j - 2 chunks of flesh
 k - a fruit
 p - 2 meat rations


   Skills:
 + Level 5.3(4.6) Fighting
 + Level 5.9(5.2) Long Blades
 - Level 2.1(1.5) Armour
 - Level 2.1(1.5) Dodging


You had 5 spell levels left.
You didn't know any spells.

Dungeon Overview and Level Annotations

Branches:
Dungeon (4/15)
 Temple: D:4-7

Altars:
Cheibriados
Sif Muna
The Shining One


Innate Abilities, Weirdness & Mutations

You have a beak for a mouth.
You have claws for feet.
You can fly.


Message History

The wight hits you with a great sword of freezing.
* * * LOW HITPOINT WARNING * * *
You partially resist.
You feel drained. The wight freezes you.
* * * LOW HITPOINT WARNING * * *
You hit the wight.
The wight is heavily damaged.
The wight closely misses you.
You closely miss the wight. You claw the wight.
You peck the wight, but do no damage.
The wight is heavily damaged.
The wight hits you with a great sword of freezing.
* * * LOW HITPOINT WARNING * * *
You partially resist.
You feel drained. The wight freezes you.
* * * LOW HITPOINT WARNING * * *
The wight barely misses you.
You hit the wight but do no damage. You claw the wight, but do no damage.
Your peck misses the wight.
The wight is heavily damaged.
The wight hits you with a great sword of freezing!
You die...

#................##....
#......................
#......##..............
#................#.....
#......###..####.##....
#####.....#......##.###...
##.....###...####......##..
#..#######z### ####.#..#..
#.......##@# #.##....
###........# #..#....
#......### ##......
#......# ##########.....
#......# ##...#...##.....
#.>....###.........##....
#......#.)........._#....
#........#.........##....
##......###...#...#####..


You could see a wight.

Vanquished Creatures
  The ghost of Drakey the Sneak, an amateur DsWn (D:3)
  Crazy Yiuf (D:3)
  An orc priest (D:4)
  An orc wizard (D:4)
  3 gnolls (D:2)
  3 adders
  A worm (D:2)
  3 dart slugs
  An orc (D:4)
  6 hobgoblins
  6 jackals (D:3)
  A ball python (D:1)
  3 bats
  A frilled lizard (D:2)
  7 goblins
  8 kobolds
  7 rats
54 creatures vanquished.

Notes
Turn   | Place    | Note
-------+----------+-------------------------------------------
     0 | D:1      | polve the Tengu Berserker began the quest for the Orb.
     0 | D:1      | Reached XP level 1. HP: 14/14 MP: 2/2
   164 | D:1      | Reached XP level 2. HP: 19/19 MP: 3/3
   976 | D:2      | Reached XP level 3. HP: 23/23 MP: 4/4
  1155 | D:2      | Reached ** piety under Trog
  1156 | D:2      | Reached XP level 4. HP: 28/29 MP: 5/5
  1313 | D:2      | Found a snail-covered altar of Cheibriados.
  1649 | D:3      | Noticed Drakey's ghost (amateur DsWn)
  1665 | D:3      | Killed Drakey's ghost
  1665 | D:3      | Reached skill level 5 in Long Blades
  1665 | D:3      | Gained mutation: You can fly. [Tengu growth]
  1665 | D:3      | Reached XP level 5. HP: 34/34 MP: 6/6
  1918 | D:3      | Reached skill level 5 in Fighting
  2069 | D:3      | Reached XP level 6. HP: 40/40 MP: 7/7
  2074 | D:3      | Found a deep blue altar of Sif Muna.
  2170 | D:3      | Found a runed door.
  2258 | D:3      | Found a glowing golden altar of the Shining One.
  2380 | D:3      | Noticed Crazy Yiuf
  2387 | D:3      | Killed Crazy Yiuf
  2464 | D:3      | Slain by a wight

Skill      XL: |  1  2  3  4  5 |
---------------+----------------+-----
Long Blades    | 4 5 |  5.9
Fighting       | 4 5 |  5.3
Armour         | |  2.1
Dodging        | |  2.1

Action                   |  1- 3 |  4- 6 || total
-------------------------+-------+-------++-------
Melee: Falchion          |    38 |    55 ||    93
       Kick              |    15 |    14 ||    29
       Peck              |     7 |    11 ||    18
Invok: Berserk           |     1 |     3 ||     4
 Abil: Fly               |       |     1 ||     1
  Use: Potion            |       |     1 ||     1
 Stab: Sleeping          |     1 |       ||     1
  Eat: Chunk             |     1 |     6 ||     7
Armor: Animal skin       |    10 |     1 ||    11
       Chain mail        |       |    10 ||    10
Dodge: Dodged            |    18 |    31 ||    49
       Rpst.: Falchion   |     6 |    11 ||    17
